[Event "ICC tourney 3043 (15 5)"]
[Site "Internet Chess Club"]
[Date "2022.10.30"]
[Round "2"]
[White "WENG, SAM:SamWeng-W"]
[Black "MAR, MAXIMUS:MaximusMar-W"]
[Result "0-1"]
[ICCResult "White resigns"]
[WhiteElo "552"]
[BlackElo "859"]
[Opening "Giuoco Pianissimo: Italian four knights variation"]
[ECO "C47"]
[NIC "KP.06"]
[Time "13:06:22"]
[PlyCount "60"]
[TimeControl "900+5"]

1. e4 e5 2. Nf3 Nc6 3. Nc3 Nf6 4. Bc4 Bc5 5. d3 h6 6. Be3 Bb6 7. Bxb6 axb6
8. O-O O-O 9. h3 d6 10. a3 Be6 11. Ba2 Bxa2 12. Rxa2 d5 13. Ra1 d4 14. Ne2
Re8 15. c3 b5 16. Qd2 Qd6 17. b4 Rad8 18. c4 bxc4 19. dxc4 Nxe4 20. c5 Nxd2
21. cxd6 Nxf1 22. dxc7 Rc8 23. Kxf1 Rxc7 24. b5 d3 25. Nc3 Na5 26. Rc1 e4
27. Nd2 Rec8 28. Ndxe4 f5 29. b6 Rc6 30. Nd2 Rxc3 {White resigns} 0-1

[Event "ICC tourney 3043 (15 5)"]
[Site "Internet Chess Club"]
[Date "2022.10.30"]
[Round "2"]
[White "SHAO, LUCAS:LucasShao-W"]
[Black "LIANG, MINGYOU:MingyouLiang-W"]
[Result "1-0"]
[ICCResult "Black checkmated"]
[WhiteElo "645"]
[BlackElo "283"]
[Opening "Vienna gambit"]
[ECO "C29"]
[NIC "VG.04"]
[Time "13:06:25"]
[PlyCount "37"]
[TimeControl "900+5"]

1. e4 e5 2. Nc3 Nf6 3. f4 exf4 4. e5 Nh5 5. Qxh5 Be7 6. Nf3 Nc6 7. d4 d6 8.
Bxf4 dxe5 9. dxe5 O-O 10. Bd3 g6 11. Qh6 Nd4 12. Ng5 Bxg5 13. Bxg5 Qd7 14.
Bf6 Nf5 15. Bxf5 Qd2+ 16. Kxd2 Rd8+ 17. Ke3 Rd3+ 18. Bxd3 Bf5 19. Qg7#
{Black checkmated}
1-0

[Event "ICC tourney 3043 (15 5)"]
[Site "Internet Chess Club"]
[Date "2022.10.30"]
[Round "2"]
[White "WANG, WILLIAM:WilliamWang-W"]
[Black "HE, ANNA:AnnaHe-W"]
[Result "0-1"]
[ICCResult "White checkmated"]
[WhiteElo "131"]
[BlackElo "333"]
[Opening "Giuoco Pianissimo: Italian four knights variation"]
[ECO "C55"]
[NIC "IG.01"]
[Time "13:06:29"]
[PlyCount "60"]
[TimeControl "900+5"]

1. e4 e5 2. Nf3 Nc6 3. Bc4 Nf6 4. Nc3 Bc5 5. d3 h6 6. O-O O-O 7. h3 d6 8.
Nd5 Nxd5 9. Bxd5 Nd4 10. Nxd4 Bxd4 11. Qf3 c6 12. Bb3 Re8 13. Qg3 Qf6 14.
Bxf7+ Qxf7 15. Bxh6 Re6 16. c3 Rxh6 17. cxd4 exd4 18. Rae1 d5 19. e5 Rg6 20.
Qh4 Rh6 21. Qg3 Bf5 22. e6 Bxe6 23. Re5 Re8 24. Rg5 Rh7 25. b4 Rf8 26. Qe5
Qf6 27. Qc7 Qxg5 28. f4 Bxh3 29. g3 Qxg3+ 30. Kh1 Qg2# {White checkmated}
0-1

[Event "ICC tourney 3043 (15 5)"]
[Site "Internet Chess Club"]
[Date "2022.10.30"]
[Round "2"]
[White "BINGCHEN LI, LUCAS:LucasLi-W"]
[Black "HE, ELSA:ElsaHe-W"]
[Result "1-0"]
[ICCResult "Black checkmated"]
[WhiteElo "358"]
[BlackElo "103"]
[Opening "Vienna game"]
[ECO "C28"]
[NIC "VG.02"]
[Time "13:06:20"]
[PlyCount "73"]
[TimeControl "900+5"]

1. e4 e5 2. Nc3 Nf6 3. Bc4 Nc6 4. d3 Bb4 5. Bg5 d6 6. a3 Bxc3+ 7. bxc3 Bg4
8. f3 Be6 9. Bxe6 fxe6 10. Rb1 b6 11. d4 exd4 12. cxd4 O-O 13. d5 exd5 14.
exd5 Ne7 15. c4 Nf5 16. Ne2 h6 17. Bh4 Nxh4 18. O-O Nf5 19. Nf4 Re8 20. Re1
Rxe1+ 21. Qxe1 a6 22. Ne6 Qb8 23. Nf4 a5 24. Qe6+ Kh7 25. Qxf5+ Kh8 26. Ng6+
Kg8 27. Ne7+ Kh8 28. Nc6 Qb7 29. Re1 a4 30. g4 Ra5 31. Re8+ Nxe8 32. Qf8+
Kh7 33. Qxe8 g6 34. Qd7+ Kh8 35. Ne7 g5 36. Qe8+ Kh7 37. Qg8# {Black
checkmated} 1-0

[Event "ICC tourney 3043 (15 5)"]
[Site "Internet Chess Club"]
[Date "2022.10.30"]
[Round "2"]
[White "DENG, CHUTONG:ChutongDeng-W"]
[Black "YANG, NINA:NinaYang-W"]
[Result "1-0"]
[ICCResult "Black checkmated"]
[WhiteElo "383"]
[BlackElo "121"]
[Opening "Four knights: Italian variation"]
[ECO "C47"]
[NIC "KP.06"]
[Time "13:06:28"]
[PlyCount "123"]
[TimeControl "900+5"]

1. e4 e5 2. Nf3 Nc6 3. Nc3 Nf6 4. Bc4 Bb4 5. a3 Ba5 6. O-O d6 7. d3 Bg4 8.
h3 Bxf3 9. Qxf3 O-O 10. Bg5 h6 11. Bxf6 Qxf6 12. Qxf6 gxf6 13. Nd5 Nd4 14.
Nxf6+ Kh8 15. Bb3 Nxb3 16. cxb3 Bb6 17. Rac1 Rac8 18. Nd7 Rfd8 19. Nf6 c5
20. Rc2 c4 21. bxc4 a5 22. Rfc1 Rc7 23. Ng4 Rb8 24. Nxh6 Rbc8 25. Nf5 a4 26.
Nxd6 Rd8 27. Nb5 Rg8 28. Nxc7 Bxc7 29. c5 Bd8 30. c6 Bg5 31. Rd1 bxc6 32.
Rxc6 Bf4 33. g3 Bg5 34. h4 Bh6 35. Rxh6+ Kg7 36. Rc6 Kf8 37. Rdc1 Ke8 38.
Rc8+ Ke7 39. Rxg8 f6 40. Rc6 Kf7 41. Rcc8 Ke7 42. Rg7+ Kd6 43. Rg6 Ke6 44.
Re8+ Kd6 45. Rxf6+ Kc5 46. Rc8+ Kb5 47. Rb8+ Kc5 48. Re8 Kd4 49. Rd6+ Kc5
50. Rd5+ Kb6 51. Re6+ Kb7 52. h5 Kc8 53. h6 Kc7 54. h7 Kb7 55. h8=Q Ka7 56.
Qh7+ Ka8 57. Qg8+ Ka7 58. Qf7+ Ka8 59. Qe8+ Ka7 60. Qd7+ Ka8 61. Ra5+ Kb8
62. Rb6# {Black checkmated} 1-0

[Event "ICC tourney 3043 (15 5)"]
[Site "Internet Chess Club"]
[Date "2022.10.30"]
[Round "2"]
[White "WANG, OLIVER:OliverWang-W"]
[Black "ZHIJIA HUANG, ALAN:AlanHuang-W"]
[Result "1-0"]
[ICCResult "Black checkmated"]
[WhiteElo "876"]
[BlackElo "591"]
[Opening "Giuoco Piano: four knights variation"]
[ECO "C50"]
[NIC "IG.02"]
[Time "13:06:21"]
[PlyCount "83"]
[TimeControl "900+5"]

1. e4 e5 2. Nf3 Nc6 3. Bc4 Bc5 4. Nc3 Nf6 5. O-O O-O 6. d3 h6 7. Be3 Bb6 8.
Nd5 Nxd5 9. Bxd5 Qf6 10. Bxc6 Qxc6 11. Nxe5 Qf6 12. Bxb6 axb6 13. d4 d6 14.
Nf3 Bg4 15. c3 Rfe8 16. Re1 Qf4 17. Qd3 Re7 18. h3 Bh5 19. Qe3 Qf6 20. e5
Qxf3 21. gxf3 Re6 22. Kh2 Rae8 23. f4 f6 24. f3 dxe5 25. fxe5 fxe5 26. dxe5
Rg6 27. Rg1 Ree6 28. Rxg6 Rxg6 29. Rg1 Rxg1 30. Kxg1 Bg6 31. e6 Kf8 32. Qd4
Kg8 33. Qd8+ Kh7 34. e7 h5 35. e8=Q Bxe8 36. Qxe8 Kh6 37. Qe6+ g6 38. f4 c6
39. f5 Kh7 40. Qxg6+ Kh8 41. f6 h4 42. Qg7# {Black checkmated} 1-0

[Event "ICC tourney 3043 (15 5)"]
[Site "Internet Chess Club"]
[Date "2022.10.30"]
[Round "2"]
[White "LI, FLORA:FloraLi-W"]
[Black "GUO LI, EDWARD:EdwardLi-W"]
[Result "1-0"]
[ICCResult "Black checkmated"]
[WhiteElo "193"]
[BlackElo "688"]
[Opening "Giuoco Piano"]
[ECO "C50"]
[NIC "IG.02"]
[Time "13:06:14"]
[PlyCount "87"]
[TimeControl "900+5"]

1. e4 e5 2. Nf3 Nc6 3. Bc4 Bc5 4. Nc3 d6 5. h3 Nf6 6. d3 h6 7. Be3 Bb6 8.
Bxb6 axb6 9. O-O O-O 10. Nd5 Nxd5 11. Bxd5 Be6 12. Bxe6 fxe6 13. d4 exd4 14.
Nxd4 Nxd4 15. Qxd4 e5 16. Qd5+ Rf7 17. Qxb7 Rb8 18. Qd5 Qd7 19. Rad1 Rd8 20.
Rd3 c6 21. Qb3 d5 22. exd5 cxd5 23. Rxd5 Qxd5 24. Qxb6 Qxa2 25. Qxd8+ Kh7
26. Qe8 Rf5 27. Re1 Qxb2 28. Qc8 Qb6 29. Qxf5+ g6 30. Qf7+ Kh8 31. Rxe5 Qb1+
32. Kh2 Qb8 33. Qf6+ Kg8 34. Qxg6+ Kf8 35. Qxh6+ Kg8 36. Qe6+ Kf8 37. Kg1
Qb1+ 38. Kh2 Qb8 39. g3 Qd8 40. Rf5+ Kg7 41. Qe4 Kh8 42. Qg4 Qd7 43. c4 Qd8
44. Rh5# {Black checkmated} 1-0

[Event "ICC tourney 3043 (15 5)"]
[Site "Internet Chess Club"]
[Date "2022.10.30"]
[Round "2"]
[White "ZIJIAN SU, OWEN:OwenSu-W"]
[Black "ZHAO, JUSTIN:JustinZhao-W"]
[Result "1-0"]
[ICCResult "Black checkmated"]
[WhiteElo "496"]
[BlackElo "808"]
[Opening "Scotch opening"]
[ECO "C44"]
[NIC "KP.10"]
[Time "13:06:23"]
[PlyCount "93"]
[TimeControl "900+5"]

1. e4 e5 2. Nf3 Nc6 3. d4 d6 4. dxe5 dxe5 5. Qxd8+ Kxd8 6. Be3 Nb4 7. Bd3
Nf6 8. O-O Bg4 9. Nbd2 Nxd3 10. cxd3 Bd6 11. h3 Bh5 12. Ng5 b6 13. d4 exd4
14. Bxd4 Bc5 15. Bxc5 bxc5 16. e5 Nd7 17. Rfe1 f6 18. exf6 Nxf6 19. Nde4
Nxe4 20. Rxe4 Rb8 21. Rf4 Rxb2 22. Rh4 Bg6 23. Rd1+ Ke8 24. a4 h6 25. Ne6
Kf7 26. Nxc5 Rc2 27. Rd7+ Ke8 28. Rxc7 a5 29. Rc6 Bf7 30. Re4+ Kf8 31. Rc8+
Be8 32. Rcxe8+ Kf7 33. Rxh8 Rxc5 34. Rf4+ Kg6 35. g4 Kg5 36. Rf5+ Rxf5 37.
gxf5 Kxf5 38. Ra8 g5 39. Rxa5+ Kg6 40. Rb5 Kh5 41. a5 Kh4 42. Kg2 h5 43. a6
g4 44. a7 gxh3+ 45. Kh2 Kg4 46. a8=Q h4 47. Qe4# {Black checkmated} 1-0

[Event "ICC tourney 3043 (15 5)"]
[Site "Internet Chess Club"]
[Date "2022.10.30"]
[Round "2"]
[White "CHEN JR, DORA:DoraChen-W"]
[Black "CHEN, ALEXANDER:AlexanderChen-W"]
[Result "0-1"]
[ICCResult "White checkmated"]
[WhiteElo "162"]
[BlackElo "395"]
[Opening "Giuoco Pianissimo: Italian four knights variation"]
[ECO "C47"]
[NIC "KP.06"]
[Time "13:06:25"]
[PlyCount "86"]
[TimeControl "900+5"]

1. e4 e5 2. Nf3 Nc6 3. Nc3 Nf6 4. Bc4 Bc5 5. d3 h6 6. h3 d6 7. O-O Be6 8.
Be3 Bxc4 9. dxc4 O-O 10. Re1 Bxe3 11. Rxe3 Re8 12. Re1 Qd7 13. a3 Rad8 14.
Qe2 Nd4 15. Qe3 Nxf3+ 16. Qxf3 c6 17. Rad1 Qe6 18. b3 Qd7 19. Rd2 Qc7 20.
Re3 Qa5 21. Rdd3 Qxa3 22. Nb1 Qc1+ 23. Rd1 Qxc2 24. Nd2 Qa2 25. Qe2 Qa5 26.
Qd3 d5 27. exd5 cxd5 28. cxd5 Rxd5 29. Nc4 Rxd3 30. Nxa5 Rxd1+ 31. Kh2 Rb1
32. Nxb7 Rb2 33. Rc3 Rxf2 34. Rc7 Re6 35. Nc5 Rb6 36. Ne4 Nxe4 37. Rc3 Rf1
38. Re3 Rd6 39. Rxe4 g5 40. b4 h5 41. b5 h4 42. Rb4 Rdd1 43. g3 Rd2#
{White checkmated}
0-1

[Event "ICC tourney 3043 (15 5)"]
[Site "Internet Chess Club"]
[Date "2022.10.30"]
[Round "2"]
[White "PE, KYLE:KylePE-W"]
[Black "ROSS, PHILIP:PhilipRoss-W"]
[Result "1-0"]
[ICCResult "Black checkmated"]
[WhiteElo "620"]
[BlackElo "876"]
[Opening "Giuoco Pianissimo"]
[ECO "C50"]
[NIC "IG.02"]
[Time "13:06:20"]
[PlyCount "59"]
[TimeControl "900+5"]

1. e4 e5 2. Nf3 Nc6 3. Bc4 Bc5 4. d3 Nf6 5. Bg5 h6 6. Bh4 d6 7. h3 Qe7 8.
Nc3 Be6 9. Bxe6 fxe6 10. O-O a6 11. Na4 O-O-O 12. Nxc5 dxc5 13. a3 g5 14.
Bg3 Rdg8 15. b4 cxb4 16. axb4 Qxb4 17. Nxe5 Nxe5 18. Bxe5 Rg6 19. Qf3 Rf8
20. Rfb1 Qe7 21. Qe3 Kb8 22. Rxa6 Kc8 23. Ra8+ Kd7 24. Qd4+ Nd5 25. Rxf8
Qxf8 26. exd5 Qf5 27. dxe6+ Kxe6 28. Bxc7 Qf7 29. Rb6+ Kf5 30. Qe4#
{Black checkmated}
1-0

[Event "ICC tourney 3043 (15 5)"]
[Site "Internet Chess Club"]
[Date "2022.10.30"]
[Round "2"]
[White "XIANGBO GU, ANDREW:AndrewGu-WING"]
[Black "FU, SCOTT:ScottFu-W"]
[Result "1-0"]
[ICCResult "Black checkmated"]
[WhiteElo "851"]
[BlackElo "577"]
[Opening "Two knights defense"]
[ECO "C55"]
[NIC "IG.01"]
[Time "13:06:22"]
[PlyCount "105"]
[TimeControl "900+5"]

1. e4 e5 2. Nf3 Nc6 3. Bc4 Nf6 4. O-O Be7 5. d3 d5 6. exd5 Nxd5 7. h3 Bf5 8.
Re1 Bf6 9. d4 Qd6 10. dxe5 Nxe5 11. Qxd5 Qxd5 12. Bxd5 O-O 13. Nxe5 Bxe5 14.
Rxe5 Bg6 15. Nc3 Rfe8 16. Rxe8+ Rxe8 17. Bf4 Bxc2 18. Bxb7 Re6 19. Bd5 Rf6
20. Re1 h6 21. Bxc7 Kh7 22. Be4+ Bxe4 23. Rxe4 Rc6 24. Bg3 Rb6 25. Re7 Rxb2
26. Rxf7 Kg8 27. Rxa7 Rc2 28. Be5 Rc1+ 29. Kh2 Rc2 30. Rxg7+ Kh8 31. Nd5 Rc5
32. Rc7+ Kg8 33. Rxc5 Kf7 34. Bg7 Kxg7 35. a4 Kf7 36. a5 Ke6 37. a6 Kd6 38.
a7 Kxc5 39. a8=Q Kb5 40. Nb4 Kxb4 41. Qc6 Kb3 42. Qc5 h5 43. g4 hxg4 44.
hxg4 Kb2 45. Qc4 Kb1 46. Qc3 Ka2 47. Qb4 Ka1 48. Kg1 Ka2 49. Kf1 Ka1 50. Ke1
Ka2 51. Kd1 Ka1 52. Kc1 Ka2 53. Qb2# {Black checkmated} 1-0

[Event "ICC tourney 3043 (15 5)"]
[Site "Internet Chess Club"]
[Date "2022.10.30"]
[Round "2"]
[White "GENG, EVAN:EvanGeng-W"]
[Black "SEN WANG, ETHAN:EthanWang-W"]
[Result "1-0"]
[ICCResult "Black checkmated"]
[WhiteElo "100"]
[BlackElo "317"]
[Opening "Scotch game"]
[ECO "C45"]
[NIC "SO.04"]
[Time "13:06:20"]
[PlyCount "103"]
[TimeControl "900+5"]

1. e4 e5 2. Nf3 Nc6 3. d4 exd4 4. Nxd4 Nxd4 5. Qxd4 Nf6 6. e5 Ng4 7. Qxg4 d6
8. Qa4+ Bd7 9. Qb3 dxe5 10. Nc3 Be7 11. Bc4 h6 12. Bxf7+ Kf8 13. Bg6 Be8 14.
Bxe8 Qxe8 15. O-O Bc5 16. Qxb7 Rc8 17. Qf3+ Qf7 18. Qxf7+ Kxf7 19. Be3 Bd6
20. Bxa7 Ra8 21. Be3 Rab8 22. b3 Bb4 23. Nd5 c6 24. Nxb4 Rxb4 25. a4 Re4 26.
a5 Ra8 27. a6 Rb4 28. a7 Rb7 29. Rfd1 Re7 30. Bc5 Ree8 31. Rd7+ Ke6 32. Rc7
Kd5 33. Be3 Kd6 34. Rxg7 Rad8 35. Bxh6 Kd5 36. Rd1+ Kc5 37. Rxd8 Rxd8 38.
Rb7 Kd6 39. Rb8 Rd7 40. a8=Q Rc7 41. Rd8+ Ke7 42. Bg5+ Ke6 43. Re8+ Kd5 44.
Qd8+ Ke4 45. Qxc7 Kf5 46. Qxe5+ Kg4 47. Qe4+ Kxg5 48. Rg8+ Kf6 49. Rf8+ Kg7
50. Rf3 Kh6 51. Qg4 Kh7 52. Rh3# {Black checkmated} 1-0

[Event "ICC tourney 3043 (15 5)"]
[Site "Internet Chess Club"]
[Date "2022.10.30"]
[Round "2"]
[White "XING LIU, BRANDON:BrandonLiu-W"]
[Black "XU, AMY:AmyXu-W"]
[Result "1-0"]
[ICCResult "Black checkmated"]
[WhiteElo "970"]
[BlackElo "393"]
[Opening "Queen's pawn, Mason variation"]
[ECO "D00"]
[NIC "QP.08"]
[Time "13:06:26"]
[PlyCount "125"]
[TimeControl "900+5"]

1. d4 d5 2. Bf4 Bf5 3. e3 Nc6 4. Nf3 Nf6 5. Bd3 Bg6 6. O-O e6 7. h3 Bd6 8.
Bxd6 Qxd6 9. Bxg6 hxg6 10. Nbd2 O-O-O 11. c4 dxc4 12. Nxc4 Qd5 13. Nce5 Nxe5
14. Nxe5 Rdf8 15. Rc1 Kb8 16. Qc2 Qd6 17. Qc5 Qxc5 18. Rxc5 Kc8 19. Rfc1 c6
20. b4 a6 21. a4 Nd7 22. Nxd7 Kxd7 23. b5 axb5 24. axb5 cxb5 25. Rxb5 Rb8
26. d5 exd5 27. Rxd5+ Ke6 28. Rb5 Rhd8 29. g3 Rd2 30. Rc6+ bxc6 31. Rxb8
Rd1+ 32. Kg2 Rd7 33. Rc8 Kd6 34. Kf1 Rc7 35. Rxc7 Kxc7 36. Ke2 Kb6 37. Kd3
Kb5 38. Kc3 c5 39. f4 c4 40. g4 Kc5 41. e4 Kb5 42. h4 Kc5 43. g5 f6 44. f5
gxf5 45. exf5 Kd5 46. gxf6 gxf6 47. h5 Ke5 48. h6 Kxf5 49. h7 Kg5 50. h8=Q
f5 51. Kxc4 Kg4 52. Qg7+ Kf3 53. Kd5 f4 54. Ke5 Ke3 55. Qg5 Kf3 56. Qxf4+
Ke2 57. Qg3 Kd2 58. Qf3 Kc2 59. Qe3 Kd1 60. Qf2 Kc1 61. Kd4 Kb1 62. Kc3 Ka1
63. Qb2# {Black checkmated} 1-0

[Event "ICC tourney 3043 (15 5)"]
[Site "Internet Chess Club"]
[Date "2022.10.30"]
[Round "2"]
[White "XIHAO NING, SEAN:SeanNing-W"]
[Black "FAN, MICHAEL:MichaelFan-W"]
[Result "0-1"]
[ICCResult "White checkmated"]
[WhiteElo "418"]
[BlackElo "225"]
[Opening "Giuoco Pianissimo"]
[ECO "C50"]
[NIC "IG.02"]
[Time "13:06:11"]
[PlyCount "116"]
[TimeControl "900+5"]

1. e4 e5 2. Nf3 Nc6 3. Bc4 Bc5 4. d3 Nf6 5. Ng5 O-O 6. Nc3 h6 7. Nf3 d6 8.
h3 a6 9. O-O b5 10. Bd5 Bb7 11. a3 Nxd5 12. Nxd5 Nd4 13. Nb4 Nxf3+ 14. Qxf3
a5 15. Qg3 Qf6 16. Nd5 Bxd5 17. exd5 b4 18. axb4 Bxb4 19. c3 Bc5 20. Be3
Bxe3 21. fxe3 Qg6 22. Qxg6 fxg6 23. Rxf8+ Kxf8 24. b4 Rc8 25. Rxa5 c6 26. e4
cxd5 27. Rxd5 Rxc3 28. b5 Rb3 29. Rxd6 Rb1+ 30. Kf2 Rb2+ 31. Ke3 Rxb5 32. d4
g5 33. Re6 Rb3+ 34. Kf2 exd4 35. Ke2 d3+ 36. Kd2 Rb2+ 37. Kxd3 Rxg2 38. Ke3
Rg3+ 39. Kd4 Rxh3 40. e5 g4 41. Ke4 g3 42. Kf4 g2 43. Kg4 Ra3 44. Rd6 g1=Q+
45. Kf4 Qg3+ 46. Ke4 Qe3+ 47. Kd5 Qd3+ 48. Ke6 Qc4+ 49. Rd5 Ra6+ 50. Kf5
Qxd5 51. Kf4 Re6 52. Kf5 Qxe5+ 53. Kg4 Qg5+ 54. Kf3 Re5 55. Kf2 Qd2+ 56. Kf3
Qe3+ 57. Kg4 Re4+ 58. Kh5 Qg5# {White checkmated} 0-1

[Event "ICC tourney 3043 (15 5)"]
[Site "Internet Chess Club"]
[Date "2022.10.30"]
[Round "2"]
[White "XU JIA, BYRON:ByronJia-W"]
[Black "LIEN, ISAAC:IsaacLien-W"]
[Result "0-1"]
[ICCResult "White checkmated"]
[WhiteElo "949"]
[BlackElo "683"]
[Opening "Ruy Lopez: Berlin defense, Beverwijk variation"]
[ECO "C64"]
[NIC "RL.01"]
[Time "13:06:18"]
[PlyCount "68"]
[TimeControl "900+5"]

1. e4 e5 2. Nf3 Nc6 3. Bb5 Bc5 4. O-O Nf6 5. Bc4 d6 6. h3 Nxe4 7. d3 Nf6 8.
Nc3 Be6 9. Bxe6 fxe6 10. Bg5 O-O 11. Re1 h6 12. Bh4 Qd7 13. Bxf6 Rxf6 14.
Ne4 Rf7 15. Nxc5 dxc5 16. Nxe5 Nxe5 17. Rxe5 Qd4 18. Re2 Re8 19. Rb1 Rf6 20.
c3 Qd7 21. d4 cxd4 22. Qxd4 Qb5 23. Ree1 c5 24. Qd6 Ref8 25. f3 Qc4 26. Qc7
R8f7 27. Qb8+ Kh7 28. Qxa7 b5 29. Qa3 Rxf3 30. gxf3 Rxf3 31. Qb3 Rg3+ 32.
Kf2 Qf4+ 33. Ke2 Rg2+ 34. Kd1 Qd2# {White checkmated} 0-1

[Event "ICC tourney 3043 (15 5)"]
[Site "Internet Chess Club"]
[Date "2022.10.30"]
[Round "2"]
[White "RUIYI SONG, EMILY:EmilySong-W"]
[Black "YI, JEMERY:JemeryYi-W"]
[Result "0-1"]
[ICCResult "White checkmated"]
[WhiteElo "743"]
[BlackElo "962"]
[Opening "Caro-Kann: closed (Breyer) variation"]
[ECO "B10"]
[NIC "CK.01"]
[Time "13:06:17"]
[PlyCount "78"]
[TimeControl "900+5"]

1. e4 c6 2. d3 d5 3. c3 dxe4 4. dxe4 Qxd1+ 5. Kxd1 e5 6. Nf3 f6 7. Bc4 Ne7
8. Nbd2 Bg4 9. Be2 Ng6 10. h3 Bxf3 11. Bxf3 Bc5 12. Rf1 Nf4 13. Nb3 Na6 14.
Bxf4 exf4 15. Kc2 O-O-O 16. Rae1 Rhe8 17. Nxc5 Nxc5 18. g3 fxg3 19. fxg3 Rd3
20. Bh5 Red8 21. Bg4+ Kb8 22. Kb1 Rxg3 23. e5 Nd3 24. Rd1 fxe5 25. Rf3 Rxf3
26. Bxf3 Kc7 27. Rg1 g6 28. Kc2 Nf4 29. h4 Rd3 30. Bd1 Rh3 31. h5 Nxh5 32.
Bg4 Rh2+ 33. Kb3 Nf4 34. Re1 Nd3 35. Rb1 Nc5+ 36. Kc4 Rh4 37. Kxc5 Rxg4 38.
c4 a5 39. b4 b6# {White checkmated} 0-1

[Event "ICC tourney 3043 (15 5)"]
[Site "Internet Chess Club"]
[Date "2022.10.30"]
[Round "2"]
[White "ZHEN JR, ANDREW:AndrewZhen-W"]
[Black "LI, MARY:MaryLi-W"]
[Result "0-1"]
[ICCResult "White checkmated"]
[WhiteElo "827"]
[BlackElo "527"]
[Opening "Four knights: Italian variation"]
[ECO "C55"]
[NIC "IG.01"]
[Time "13:06:12"]
[PlyCount "178"]
[TimeControl "900+5"]

1. e4 e5 2. Nf3 Nc6 3. Bc4 Nf6 4. Nc3 Bb4 5. O-O Bxc3 6. dxc3 Nxe4 7. Qd5
Nd6 8. Nxe5 O-O 9. Nxc6 dxc6 10. Qd1 Nxc4 11. Qxd8 Rxd8 12. b3 Ne5 13. Bf4
Re8 14. Rfe1 f6 15. Re2 Bf5 16. Rae1 Re7 17. Bxe5 fxe5 18. Rxe5 Rxe5 19.
Rxe5 Bxc2 20. Re7 Rd8 21. f3 Rd1+ 22. Kf2 Ra1 23. Rxc7 Rxa2 24. Rxb7 Bxb3+
25. Kg3 Bd5 26. Rc7 a5 27. c4 Bxc4 28. Rxc6 Bd5 29. Ra6 Bc4 30. Ra7 a4 31.
Kh3 Ra1 32. Ra8+ Kf7 33. Ra7+ Kg6 34. g4 a3 35. Ra4 Bb3 36. Ra6+ Kf7 37.
Ra7+ Kg6 38. Ra6+ Kf7 39. Ra7+ Kf6 40. Ra6+ Be6 41. f4 Kf7 42. Ra7+ Kf8 43.
Ra8+ Ke7 44. Ra7+ Kd6 45. Rxg7 a2 46. Ra7 Rc1 47. Ra6+ Ke7 48. Ra7+ Kf6 49.
Rxh7 a1=Q 50. Rh6+ Ke7 51. Rh7+ Kd6 52. Rh6 Qc3+ 53. Kh4 Qe1+ 54. Kg5 Rc5+
55. Kf6 Qc3+ 56. Kg6 Qd3+ 57. Kf6 Bxg4 58. Kf7+ Be6+ 59. Rxe6+ Kd7 60. Re7+
Kc6 61. Re6+ Kb5 62. h4 Rc7+ 63. Kf6 Qd4+ 64. Re5+ Rc5 65. Kf5 Rxe5+ 66.
fxe5 Qxh4 67. Ke6 Qe4 68. Kd6 Kb6 69. e6 Qc6+ 70. Ke7 Kc7 71. Kf7 Qd5 72.
Ke7 Qd6+ 73. Kf7 Kd8 74. Kf6 Ke8 75. Kf5 Ke7 76. Ke4 Qxe6+ 77. Kd4 Qd6+ 78.
Ke4 Ke6 79. Ke3 Ke5 80. Kf3 Qd4 81. Ke2 Ke4 82. Ke1 Ke3 83. Kf1 Qf4+ 84. Kg1
Qf2+ 85. Kh1 Qf3+ 86. Kg1 Qg3+ 87. Kh1 Qg4 88. Kh2 Kf3 89. Kh1 Qg2#
{White checkmated}
0-1

[Event "ICC tourney 3043 (15 5)"]
[Site "Internet Chess Club"]
[Date "2022.10.30"]
[Round "2"]
[White "HUANG,JAYDEN:JaydenHuang-W"]
[Black "CHENHE ZUO, ALEX:AlexZuo-W"]
[Result "1/2-1/2"]
[ICCResult "Game drawn because neither player has mating material"]
[WhiteElo "686"]
[BlackElo "894"]
[Opening "French: exchange variation"]
[ECO "C01"]
[NIC "FR.01"]
[Time "13:06:18"]
[PlyCount "88"]
[TimeControl "900+5"]

1. e4 e6 2. d4 d5 3. exd5 exd5 4. Bf4 Bd6 5. Bxd6 Qxd6 6. Nc3 Nf6 7. Nf3 O-O
8. Be2 Re8 9. O-O Qe7 10. Re1 c6 11. Bd3 Qd6 12. Rxe8+ Nxe8 13. Qe2 Qe6 14.
Re1 Qxe2 15. Rxe2 Be6 16. Ng5 Nc7 17. Bxh7+ Kh8 18. Bd3 Nd7 19. Nxe6 Nxe6
20. Bf5 Re8 21. Bxe6 Rxe6 22. Rxe6 fxe6 23. f4 Nb6 24. b3 Kh7 25. g4 Kg6 26.
Kf2 Kf6 27. Ke3 Nd7 28. Ne2 g5 29. Ng3 Kg6 30. Nh5 b6 31. c4 dxc4 32. bxc4
a6 33. Ke4 b5 34. cxb5 axb5 35. fxg5 Kxg5 36. Ng7 Kxg4 37. Nxe6 Kh3 38. d5
Nf6+ 39. Kd4 Nxd5 40. Nd8 Nb4 41. Kc5 Nxa2 42. Nxc6 b4 43. Nxb4 Nxb4 44.
Kxb4 Kxh2 {Game drawn because neither player has mating material} 1/2-1/2

[Event "ICC tourney 3043 (15 5)"]
[Site "Internet Chess Club"]
[Date "2022.10.30"]
[Round "2"]
[White "WU, MARCUS:MarcusWu-W"]
[Black "YATSHING LIN, JAMES:JamesLin-W"]
[Result "1-0"]
[ICCResult "Black checkmated"]
[WhiteElo "510"]
[BlackElo "849"]
[Opening "Giuoco Pianissimo: Italian four knights variation"]
[ECO "C55"]
[NIC "IG.01"]
[Time "13:06:22"]
[PlyCount "127"]
[TimeControl "900+5"]

1. e4 e5 2. Nf3 Nc6 3. Bc4 Nf6 4. Nc3 Bc5 5. d3 h6 6. O-O O-O 7. h3 d6 8.
Na4 Bb6 9. Nxb6 axb6 10. c3 Be6 11. Bxe6 fxe6 12. a3 Qd7 13. Re1 Rfe8 14.
Be3 d5 15. exd5 exd5 16. Nd2 e4 17. dxe4 dxe4 18. Bf4 Rac8 19. f3 exf3 20.
Nxf3 Qxd1 21. Raxd1 Rcd8 22. Rxd8 Rxd8 23. Bxc7 Rc8 24. Bxb6 Nd5 25. Bf2 Nf4
26. Re3 Kf7 27. Bg3 Nh5 28. Bd6 Re8 29. Rxe8 Kxe8 30. Kf2 Kd7 31. Bc5 Ke6
32. Nd4+ Nxd4 33. Bxd4 g5 34. g4 Nf4 35. Kg3 Nd3 36. b4 Nf4 37. Bg7 Ne2+ 38.
Kf2 Nf4 39. Kf3 Nxh3 40. Bxh6 Kf6 41. Kg3 Nf4 42. Bf8 Ne2+ 43. Kf3 Nxc3 44.
Ke3 Ke5 45. Kd3 Nb5 46. a4 Nc7 47. Kc4 Kf4 48. Bd6+ Kxg4 49. Bxc7 Kh4 50. b5
g4 51. a5 g3 52. Bxg3+ Kxg3 53. a6 bxa6 54. bxa6 Kf4 55. a7 Ke5 56. a8=Q Kf4
57. Qd5 Ke3 58. Qd4+ Kf3 59. Kd3 Kg3 60. Qe4 Kh3 61. Ke3 Kg3 62. Ke2 Kh3 63.
Kf2 Kh2 64. Qg2# {Black checkmated} 1-0

[Event "ICC tourney 3043 (15 5)"]
[Site "Internet Chess Club"]
[Date "2022.10.30"]
[Round "2"]
[White "LIAO, JESSIE:JessieLiao-W"]
[Black "SHOU, ADRIAN:AdrianShou-W"]
[Result "1/2-1/2"]
[ICCResult "Game drawn by mutual agreement"]
[WhiteElo "878"]
[BlackElo "641"]
[Opening "Giuoco Pianissimo"]
[ECO "C50"]
[NIC "IG.02"]
[Time "13:06:14"]
[PlyCount "125"]
[TimeControl "900+5"]

1. e4 e5 2. Nf3 Nc6 3. Bc4 Bc5 4. d3 d6 5. Nc3 Be6 6. Bb3 Nf6 7. h3 Qd7 8.
Qe2 Bd4 9. Be3 O-O 10. O-O a6 11. Bxd4 Nxd4 12. Nxd4 exd4 13. Nd5 Nxd5 14.
Bxd5 Rfe8 15. Bxe6 Rxe6 16. c3 d5 17. Qg4 dxc3 18. bxc3 dxe4 19. dxe4 Rae8
20. Rab1 Qc6 21. Rb4 a5 22. Rd4 Rxe4 23. Rxe4 Rxe4 24. Qc8+ Re8 25. Qf5 Qxc3
26. Qd7 Rf8 27. Rd1 h6 28. Qd4 Qa3 29. Qc4 c5 30. Qb3 Qxb3 31. axb3 b5 32.
Rd5 Rc8 33. Kf1 a4 34. bxa4 bxa4 35. Rd3 Kf8 36. Ra3 Ra8 37. Ke2 Ke7 38. Kd3
Kd6 39. Kc4 Kc6 40. f4 g5 41. fxg5 hxg5 42. g3 f5 43. h4 gxh4 44. gxh4 f4
45. h5 f3 46. Rxf3 a3 47. Rf1 a2 48. Ra1 Ra4+ 49. Kb3 Rh4 50. Rxa2 Rxh5 51.
Rc2 Kb5 52. Rc4 Rh3+ 53. Rc3 Rh6 54. Rc4 Rc6 55. Kc3 Ra6 56. Kd3 Ra3+ 57.
Rc3 Rxc3+ 58. Kxc3 c4 59. Kc2 Kb4 60. Kb2 c3+ 61. Kc1 Kb3 62. Kb1 c2+ 63.
Kc1 {Game drawn by mutual agreement} 1/2-1/2